Unix NetHack Version 3.7.0-97 Work-in-progress - last build Feb 8 2024 15:05:57 (6d6cdf8371b60126770a3d7b88910941cb14a054,branch:master). Game began 2024-02-27 08:52:01, ended 2024-02-27 13:27:52. elenmirie, neutral female gnomish Archeologist ------- #-.....| #|.....| #|.....| #|.....| #########--|-+-- -----------## ### --------- |.....{...|## # |(......| ------ #..........|# ### |((..(...######.....| ####|.........|# # o.m(.(...| |..<.| ## |..........# ## |(@f...(| |.....##### |.........|######0# --.- |....(..| |....| |.........| ##### #+^.| --------- |....| ----------- ###|..| ------ #.`.| ---- Elenmirie the Field Worker St:14 Dx:10 Co:13 In:14 Wi:17 Ch:9 Neutral Dlvl:4 $:17 HP:0(25) Pw:15(15) AC:8 Xp:3/44 T:1482 Latest messages: This door is locked. This door is locked. In what direction? l As you kick the door, it crashes open! Something is written here in the dust. You read: "ac ae ?rium". $ - 2 gold pieces (17 in total). A gush of water hits you on the head! You find a hidden door. This door is locked. This door is locked. This door is locked. This door is locked. The door opens. You hear someone counting gold coins. You miss the acid blob. You hear someone counting gold coins. You kill the acid blob! q - a scroll labeled NR 9. What do you want to use or apply? [afgi-ktw or ?*] w You put a scroll labeled EIRIS SAZUN IDISI into the sack. You put a scroll labeled NR 9 into the sack. You put a thin spellbook into the sack. You put a spellbook of magic missile into the sack. Coco picks up an acid blob corpse. Coco drops an acid blob corpse. Coco picks up an acid blob corpse. You swap places with Coco. Wait! That's a small mimic! You miss the small mimic. You miss the small mimic. You lash the small mimic. You miss the small mimic. The small mimic hits! You lash the small mimic. You lash the small mimic. You lash the small mimic. The small mimic hits! You lash the small mimic. You lash the small mimic. The small mimic hits! You miss the small mimic. You lash the small mimic. The small mimic hits! You die... Do you want your possessions identified? [ynq] (y) y Do you want to see your attributes? [ynq] (y) y Do you want an account of creatures vanquished? [ynaq] (y) y Do you want to see your conduct and achievements? [ynq] (y) y Do you want to see the dungeon overview? [ynq] (y) y Inventory: Coins $ - 17 gold pieces Weapons m - 9 cursed -2 darts a - an uncursed +2 bullwhip (weapon in left hand) Armor c - an uncursed +0 fedora (being worn) n - an uncursed +0 leather armor (being worn) b - an uncursed +0 leather jacket Comestibles d - 3 uncursed food rations e - an uncursed sprig of wolfsbane Rings o - an uncursed ring of shock resistance Tools w - an uncursed sack containing 5 items i - an uncursed magic marker (0:19) f - an uncursed tin whistle t - an uncursed tinning kit (0:89) Gems/Stones g - an uncursed touchstone Contents of the sack: an uncursed scroll of destroy armor an uncursed scroll of earth an uncursed spellbook of detect unseen a blessed spellbook of magic missile an uncursed +0 pick-axe Elenmirie the Archeologist's attributes: Background: You were a Field Worker, a level 3 female gnomish Archeologist. You were neutral, nominally on a mission for Camaxtli who was opposed by Quetzalcoatl (lawful) and Huhetotl (chaotic). You were left-handed. You were in the Dungeons of Doom, on level 4. You entered the dungeon 1482 turns ago. You had 44 experience points, 36 more were needed to attain level 4. Basics: You had 0 out of 25 hit points. You had all 15 energy points (spell power). Your armor class was 8. Your wallet contained 17 zorkmids. Autopickup was on for '$' plus thrown. Final Characteristics: Your strength was 14 (limit:18/50). Your dexterity was 10 (limit:18). Your constitution was 13 (limit:18). Your intelligence was 14 (limit:19). Your wisdom was 17 (limit:18). Your charisma was 9 (limit:18). Final Status: You weren't hungry. You were unencumbered. You were wielding a whip. You had basic skill with whip. Final Attributes: You were devoutly aligned. You had automatic searching. You had infravision. You were warded. You are dead. Miscellaneous: You never encountered a bones level. Total elapsed playing time was 11 minutes and 32 seconds. Major events: Turn 1: elenmirie the neutral female gnomish Archeologist entered the dungeon 924: entered the Gnomish Mines 1270: attained the rank of Field Worker (level 3) 1482: killed by a small mimic Vanquished creatures: a dwarf an acid blob a giant rat 2 yellow molds 2 geckos a jackal a kobold a goblin 5 grid bugs 2 bats 2 lichens a kobold zombie 8 newts 28 creatures vanquished. No species were genocided or became extinct. Voluntary challenges: You were an atheist. You read items or engraved 1 time. You never engraved Elbereth. You never genocided any monsters. You never polymorphed an object. You never changed form. You used no wishes. Achievements: You entered the Gnomish Mines. You entered a shop. You attained the rank of Field Worker. The Dungeons of Doom: levels 1 to 4 Level 1: Level 2: Many fountains. Stairs down to The Gnomish Mines. Level 3: Level 4: <- You were here. A fountain. Final resting place for you, killed by a small mimic. The Gnomish Mines: Level 3: Game over: ---------- / \ / REST \ / IN \ / PEACE \ / \ | elenmirie | | 17 Au | | killed by a | | small mimic | | | | | | 2024 | *| * * * | * _________)/\\_//(\/(/\)/\//\/|_)_______ Goodbye elenmirie the Archeologist... You died in The Dungeons of Doom on dungeon level 4 with 342 points, and 17 pieces of gold, after 1482 moves. You were level 3 with a maximum of 25 hit points when you died.